[Event "2nd Asian Nations Team Cup U14 2019"]
[Site "Shenzhen"]
[Date "2019.12.21"]
[Round "4.19"]
[White "Liu, Fung Ming Mathew"]
[Black "Liu, David J"]
[Result "1/2-1/2"]
[ECO "C42"]
[WhiteElo "1493"]
[BlackElo "1897"]
[Annotator "NA RC"]
[PlyCount "84"]
[EventDate "2019.12.19"]
[EventType "team-tourn"]
[EventCountry "CHN"]
[SourceTitle "playchess.com"]
[Source "ChessBase"]
[SourceQuality "1"]
[TimeControl "5400+30"]

1. e4 e5 2. Nf3 Nf6 3. Nxe5 d6 4. Nf3 Nxe4 5. d4 d5 6. Bd3 Be7 7. O-O Bg4 8. Re1 Nc6 9. c3 Nf6 10. h3 Bh5 11. Bf4 O-O 12. Nbd2 Bd6 13. Bg5 h6 14. Bh4 Bf4 15. Qc2 Qd6 16. Bxf6 Qxf6 17. Bf1 Bg6 18. Qb3 Rad8 19. g3 Bxd2 20. Nxd2 b6 21. Bg2 Nb8 22. Nf1 Qd6 23. Re5 c6 24. Rae1 Nd7 25. R5e3 Nf6 26. Nd2 Rfe8 27. Nf3 Be4 28. Ne5 Bxg2 29. Kxg2 Nd7 30. Nf3 Re6 31. Rxe6 fxe6 32. Qc2 Rf8 33. Qg6 Rf6 34. Qe8+ Nf8 35. Qa8 Qc7 36. h4 Kh7 37. Qe8 Qd7 38. Qa8 Qc7 39. Qe8 Qd7 40. Qa8 Qc7 41. b4 c5 42. dxc5 bxc5 1/2-1/2

[Event "2nd Asian Nations Team Cup U14 2019"]
[Site "Shenzhen"]
[Date "2019.12.23"]
[Round "5.1"]
[White "Wang, Benchi"]
[Black "Yin, Richard"]
[Result "0-1"]
[ECO "D02"]
[WhiteElo "1747"]
[BlackElo "1427"]
[Annotator "NA RC"]
[PlyCount "156"]
[EventDate "2019.12.19"]
[EventType "team-tourn"]
[EventCountry "CHN"]
[SourceTitle "playchess.com"]
[Source "ChessBase"]
[SourceQuality "1"]
[WhiteTeam "China"]
[BlackTeam "Hong Kong"]
[WhiteTeamCountry "CHN"]
[BlackTeamCountry "HKG"]
[TimeControl "5400+30"]

1. d4 d5 2. Nf3 Nf6 3. g3 e6 4. Bg2 c5 5. c3 Nc6 6. O-O Bd6 7. Bg5 O-O 8. Nbd2 cxd4 9. cxd4 Be7 10. Bxf6 Bxf6 11. e3 b6 12. Rc1 Bb7 13. a3 Qd7 14. b4 Ne7 15. Qb3 Rfc8 16. Rfd1 Rc7 17. Rxc7 Qxc7 18. Ne1 Rc8 19. Qa4 Bc6 20. b5 Be8 21. Qa6 Qc3 22. Qxa7 Bxb5 23. Qxb6 Ba4 24. Qb1 Bxd1 25. Qxd1 Qxa3 26. Bf1 Nf5 27. Qb3 Qxb3 28. Nxb3 Nd6 29. Nc5 Ra8 30. Ned3 Ra1 31. Kg2 Nc4 32. Be2 Ra2 33. Kf1 Kf8 34. Nb4 Rb2 35. Nbd3 Ra2 36. Nb4 Ra1+ 37. Kg2 Be7 38. Nbd3 Bxc5 39. Nxc5 Ra2 40. Kf3 Ke7 41. Bd3 h6 42. h4 e5 43. e4 exd4 44. exd5 Nd2+ 45. Kf4 Kd6 46. Na6 Ra3 47. Bb5 Rf3+ 48. Kg4 Rxf2 49. Nb4 Rf6 50. Bc6 Ne4 51. h5 Nf2+ 52. Kh4 d3 53. Ba4 Kc5 54. Na2 Kxd5 55. Nc3+ Kc4 56. Nb1 Kb4 57. Be8 Re6 58. Bd7 Rd6 59. Bf5 d2 60. Nxd2 Rxd2 61. g4 Rd4 62. Kg3 Ne4+ 63. Kh4 Ng5 64. Kg3 Rd6 65. Bc2 Kc3 66. Bb1 Kd2 67. Kf2 g6 68. hxg6 fxg6 69. Ba2 Rf6+ 70. Kg2 Ke3 71. Bd5 h5 72. gxh5 gxh5 73. Kg3 Ne4+ 74. Kh4 Kf4 75. Bb3 Rh6 76. Bd1 Ng3 77. Bc2 Nf5+ 78. Bxf5 Kxf5 0-1

[Event "2nd Asian Nations Team Cup U14 2019"]
[Site "Shenzhen"]
[Date "2019.12.23"]
[Round "5.2"]
[White "Lam, Chun Yung Samuel"]
[Black "Zhang, Yuanxiao"]
[Result "1-0"]
[ECO "C00"]
[WhiteElo "1288"]
[BlackElo "1545"]
[Annotator "NA RC"]
[PlyCount "57"]
[EventDate "2019.12.19"]
[EventType "team-tourn"]
[EventCountry "CHN"]
[SourceTitle "playchess.com"]
[Source "ChessBase"]
[SourceQuality "1"]
[WhiteTeam "Hong Kong"]
[BlackTeam "China"]
[WhiteTeamCountry "HKG"]
[BlackTeamCountry "CHN"]
[TimeControl "5400+30"]

1. Nf3 d5 2. g3 c5 3. Bg2 Nc6 4. O-O Nf6 5. d3 e6 6. Nbd2 Be7 7. e4 O-O 8. e5 Nd7 9. Re1 Rb8 10. Nf1 b5 11. h4 c4 12. d4 b4 13. c3 a5 14. N1h2 bxc3 15. bxc3 Rb5 16. Ng5 Bxg5 17. Bxg5 f6 18. exf6 Nxf6 19. Ng4 Qd7 20. Bxf6 gxf6 21. Nh6+ Kh8 22. Bh3 Qg7 23. Qh5 e5 24. Bxc8 Rxc8 25. Nf7+ Kg8 26. Nd6 Rcb8 27. Nxb5 Rxb5 28. Qe8+ Qf8 29. Qxc6 1-0

[Event "2nd Asian Nations Team Cup U14 2019"]
[Site "Shenzhen"]
[Date "2019.12.23"]
[Round "5.6"]
[White "Kannappan, Thanneermalai"]
[Black "Meng, Yihan"]
[Result "0-1"]
[ECO "B28"]
[WhiteElo "1495"]
[BlackElo "1787"]
[Annotator "NA RC"]
[PlyCount "94"]
[EventDate "2019.12.19"]
[EventType "team-tourn"]
[EventCountry "CHN"]
[SourceTitle "playchess.com"]
[Source "ChessBase"]
[SourceQuality "1"]
[WhiteTeam "Hong Kong"]
[BlackTeam "China"]
[WhiteTeamCountry "HKG"]
[BlackTeamCountry "CHN"]
[TimeControl "5400+30"]

1. e4 c5 2. Nf3 a6 3. c3 Nf6 4. e5 Nd5 5. d4 cxd4 6. cxd4 d6 7. Nc3 Nb6 8. Bd3 g6 9. O-O Bg7 10. Bf4 dxe5 11. dxe5 Nc6 12. a3 O-O 13. Re1 Nd7 14. Bg3 Nc5 15. Bc4 Bg4 16. Qxd8 Raxd8 17. Ng5 Nd3 18. Bxd3 Rxd3 19. f4 Nd4 20. Rac1 Rd2 21. b4 Rc8 22. Nge4 Rc2 23. Bf2 Rxc1 24. Rxc1 Ne6 25. Be3 g5 26. g3 gxf4 27. gxf4 Bh6 28. Nd5 Rxc1+ 29. Bxc1 Kf8 30. Kf2 Nd4 31. a4 Bd7 32. Nc5 Bc6 33. Nc3 Ne6 34. Kg3 Nxc5 35. bxc5 Kg7 36. Ne2 Bxa4 37. Kf3 Bd1 38. Ke3 Bxe2 39. Kxe2 e6 40. Kd3 Kg6 41. Ke4 Kh5 42. Kf3 Kh4 43. Ke4 Kg4 44. Kd4 Bxf4 45. Bxf4 Kxf4 46. Kc4 Kxe5 47. Kb4 Kd5 0-1

[Event "2nd Asian Nations Team Cup U14 2019"]
[Site "Shenzhen"]
[Date "2019.12.23"]
[Round "5.7"]
[White "Wang, Yuehan"]
[Black "Liu, Fung Ming Mathew"]
[Result "1-0"]
[ECO "B55"]
[WhiteElo "1724"]
[BlackElo "1493"]
[Annotator "NA RC"]
[PlyCount "93"]
[EventDate "2019.12.19"]
[EventType "team-tourn"]
[EventCountry "CHN"]
[SourceTitle "playchess.com"]
[Source "ChessBase"]
[SourceQuality "1"]
[WhiteTeam "China"]
[BlackTeam "Hong Kong"]
[WhiteTeamCountry "CHN"]
[BlackTeamCountry "HKG"]
[TimeControl "5400+30"]

1. e4 c5 2. Nf3 d6 3. d4 cxd4 4. Nxd4 Nf6 5. f3 e6 6. c4 Be7 7. Nc3 O-O 8. Be3 Nc6 9. Qd2 d5 10. Nxc6 bxc6 11. e5 Nd7 12. f4 Bb4 13. a3 Bc5 14. Be2 Bxe3 15. Qxe3 Nb6 16. Rd1 Qh4+ 17. g3 Qe7 18. cxd5 cxd5 19. O-O Bb7 20. Nb5 Ba6 21. Rc1 Bxb5 22. Bxb5 Rac8 23. Qd4 Qb7 24. Bd3 g6 25. b3 Nd7 26. b4 a6 27. Qe3 Rfd8 28. Qe2 Qb6+ 29. Kg2 Nb8 30. h4 a5 31. b5 Nd7 32. h5 Kg7 33. Bb1 Nc5 34. Rh1 d4 35. Qg4 Qb7+ 36. Kg1 Rh8 37. Qh4 Nd7 38. Kf2 Rxc1 39. h6+ Kg8 40. Qd8+ Nf8 41. Rxc1 f5 42. Rc7 Qxc7 43. Qxc7 Nd7 44. Qxd7 Kf8 45. b6 d3 46. b7 d2 47. b8=R# 1-0

[Event "2nd Asian Nations Team Cup U14 2019"]
[Site "Shenzhen"]
[Date "2019.12.23"]
[Round "5.8"]
[White "Lee, Gerent Chak Yan"]
[Black "Zhao, Yunqing"]
[Result "0-1"]
[ECO "E17"]
[WhiteElo "1450"]
[BlackElo "1542"]
[Annotator "NA RC"]
[PlyCount "90"]
[EventDate "2019.12.19"]
[EventType "team-tourn"]
[EventCountry "CHN"]
[SourceTitle "playchess.com"]
[Source "ChessBase"]
[SourceQuality "1"]
[WhiteTeam "Hong Kong"]
[BlackTeam "China"]
[WhiteTeamCountry "HKG"]
[BlackTeamCountry "CHN"]
[TimeControl "5400+30"]

1. d4 Nf6 2. c4 e6 3. Nf3 b6 4. g3 Bb7 5. Bg2 Be7 6. O-O O-O 7. b3 d6 8. Nc3 Ne4 9. Bb2 Nxc3 10. Bxc3 f5 11. Ne1 Bxg2 12. Nxg2 Bf6 13. Qd3 Nd7 14. Nf4 Qe8 15. Rae1 Bg5 16. Nh3 Qh5 17. Nxg5 Qxg5 18. f4 Qg4 19. e4 Nf6 20. exf5 exf5 21. Re7 Rf7 22. Re6 Ne4 23. Kg2 Rf6 24. Rxf6 gxf6 25. h3 Qg6 26. Bb2 Kf7 27. Rf3 Rg8 28. c5 h5 29. h4 Kg7 30. cxd6 cxd6 31. d5 Kh6 32. Kh2 Rc8 33. Rf1 Qf7 34. Rc1 Rg8 35. Bc3 Rxg3 36. Qxg3 Nxg3 37. Kxg3 Qxd5 38. Rf1 Kg6 39. Rf3 Qe4 40. a3 d5 41. Kg2 d4 42. Bd2 Qe2+ 43. Rf2 Qg4+ 44. Kh1 Qh3+ 45. Kg1 Qxb3 0-1

[Event "2nd Asian Nations Team Cup U14 2019"]
[Site "Shenzhen"]
[Date "2019.12.23"]
[Round "5.10"]
[White "Tsogtbayar, Batlut"]
[Black "Foo, Jiu Yarng Clarance"]
[Result "0-1"]
[ECO "D36"]
[WhiteElo "1404"]
[BlackElo "1654"]
[Annotator "NA RC"]
[PlyCount "87"]
[EventDate "2019.12.19"]
[EventType "team-tourn"]
[EventCountry "CHN"]
[SourceTitle "playchess.com"]
[Source "ChessBase"]
[SourceQuality "1"]
[WhiteTeam "Mongolia"]
[BlackTeam "Malaysia"]
[WhiteTeamCountry "MGL"]
[BlackTeamCountry "MAS"]
[TimeControl "5400+30"]

1. d4 d5 2. c4 e6 3. Nc3 Nf6 4. cxd5 exd5 5. Bg5 Be7 6. e3 c6 7. Bd3 O-O 8. Nge2 Re8 9. Qc2 Nbd7 10. O-O Nf8 11. Rab1 Be6 12. b4 a6 13. a4 b5 14. axb5 axb5 15. Rfc1 N6d7 16. Bf4 Nb6 17. Nxb5 cxb5 18. Bc7 Qd7 19. Bxb6 Rec8 20. Bc5 Bf6 21. Nc3 Rab8 22. Qe2 Bg4 23. Qf1 Ng6 24. h3 Bf5 25. Bxf5 Qxf5 26. Nxb5 Nh4 27. Nd6 Qg6 28. Nxc8 Nf3+ 29. Kh1 Nd2 30. Qd1 Nxb1 31. Rxb1 Rxc8 32. b5 Bd8 33. b6 Rb8 34. b7 h5 35. Ba7 Bc7 36. Bxb8 Bxb8 37. f4 Kh7 38. Rc1 Kh6 39. Rc8 Qd6 40. Qc2 g6 41. Qc6 Qb4 42. Qf6 Qe1+ 43. Kh2 Bxf4+ 44. exf4 0-1

[Event "2nd Asian Nations Team Cup U14 2019"]
[Site "Shenzhen"]
[Date "2019.12.23"]
[Round "5.13"]
[White "Batbold, Nyamsuren"]
[Black "Jin Yueheng"]
[Result "1-0"]
[ECO "E17"]
[WhiteElo "1963"]
[BlackElo "1924"]
[Annotator "NA RC"]
[PlyCount "189"]
[EventDate "2019.12.19"]
[EventType "team-tourn"]
[EventCountry "CHN"]
[SourceTitle "playchess.com"]
[Source "ChessBase"]
[SourceQuality "1"]
[WhiteTeam "Mongolia"]
[BlackTeam "China"]
[WhiteTeamCountry "MGL"]
[BlackTeamCountry "CHN"]
[TimeControl "5400+30"]

1. d4 Nf6 2. c4 e6 3. Nf3 b6 4. g3 Bb7 5. Bg2 Be7 6. O-O O-O 7. d5 exd5 8. Nh4 c6 9. cxd5 Nxd5 10. Nf5 $1 Nf6 11. e4 {[%emt 0:13:47] E17: Queen's Indian: 4 g3 Bb7 5 Bg2 Be7} Ne8 12. Bf4 d6 13. Na3 $146 ({Predecessor:} 13. Nc3 Na6 14. Qd2 Nc5 15. Rfd1 Ne6 16. Nxe7+ Qxe7 17. Bxd6 Nxd6 18. Qxd6 Qxd6 19. Rxd6 {1-0 (42) Shulman,Y (2571)-Seirawan,Y (2643) Saint Louis 2012}) 13... Nd7 14. Nxd6 ({Better is} 14. Nc4 $14) 14... Nxd6 15. Bxd6 Bxd6 16. Qxd6 Nc5 17. Rfd1 Qxd6 18. Rxd6 Rfd8 19. Rad1 Ne6 20. e5 Rxd6 21. Rxd6 Rd8 22. Nc4 Ba6 23. Rxd8+ Nxd8 24. Nd6 c5 (24... Kf8 $14) 25. f4 Kf8 26. Bd5 Ke7 27. Kf2 Ne6 28. Nf5+ Kf8 29. Bxe6 fxe6 30. Nd6 Ke7 31. a4 (31. Ke3 $16) 31... Kd7 32. Nb5 Kc6 33. Nxa7+ Kd5 {[%emt 0:00:20] [#]} (33... Kd7 $16 34. Ke3 Bc4) 34. Ke3 $1 g6 (34... Bc4 $142 35. Nc8 Kc6) 35. g4 c4 36. Nb5 Kc5 37. Nd6 Kd5 38. Ne8 Kc5 39. Nd6 $2 (39. h4 $18) 39... Kd5 $1 40. h4 h5 41. gxh5 gxh5 42. Ne4 Bb7 43. Nf6+ Kc5 44. Nxh5 Kb4 45. Ng3 Kb3 46. h5 Kxb2 47. h6 c3 48. h7 c2 49. Ne2 Ba6 {[%emt 0:00:03] [#]} 50. h8=Q $1 ({Inferior is} 50. Nc1 Kxc1 51. h8=Q Kb2 $11) 50... Bxe2 51. Qc8 $2 (51. Qh1 Bd1 52. Qg2) 51... Ba6 52. Qxa6 c1=Q+ 53. Kf3 Qh1+ 54. Kg3 Qg1+ 55. Kh4 Qh2+ 56. Kg5 Qg3+ 57. Kf6 Qxf4+ 58. Kxe6 Qg4+ 59. Kd5 $2 ({White should play} 59. Kd6 $18) 59... Qd7+ 60. Ke4 Qg4+ 61. Ke3 Qg3+ (61... Qg5+ 62. Kf3 Qf5+ 63. Kg2 Qe4+ 64. Kh3 Qf5+ 65. Kg2 Qe4+ 66. Kf1 Qf5+ 67. Kg2 $11) 62. Kd4 Qc3+ $2 63. Kd5 Qc5+ {[%emt 0:00:12] [#]} 64. Ke4 $2 (64. Ke6 $1 $18 Qc6+ 65. Ke7 Qc7+ 66. Kf6) 64... Qc2+ $2 {[%emt 0:01:40] [#]} (64... Qc6+ $1 $11 {and Black is okay.} 65. Kf5 Kc3) 65. Qd3 $1 Qc6+ 66. Ke3 Qh6+ 67. Kd4 Qf4+ 68. Kd5 Qf7+ 69. e6 Qb7+ 70. Kd6 Qb8+ 71. Ke7 Qc7+ 72. Ke8 (72. Kf6 $142 Qf4+ 73. Qf5 Qh4+ 74. Qg5 Qxa4 75. e7 Qc6+ 76. Kf7) 72... Qc8+ 73. Kf7 Qc7+ 74. e7 Qf4+ 75. Ke6 Qg4+ $11 76. Kf7 $2 (76. Ke5 $18 Qg5+ 77. Kd6 Qh6+ (77... Qf6+ 78. Kd7 Qg7) 78. Kd7) 76... Qf4+ 77. Ke6 $2 Qxa4 $2 78. Qd2+ Kb1 79. Qd3+ $2 (79. Qe1+ Kb2 80. Qe5+ Kb1 81. Qf5+ Kb2 82. Qf6+ Ka2 83. Kf7) ({Only move:} 79. Qg5 $18 Qe8 80. Qd5) 79... Kb2 80. Ke5 Qe8 {[%emt 0:01:33] [#]} 81. Qd8 $1 Qh5+ 82. Kd6 Qg6+ 83. Kc7 Qg3+ 84. Qd6 (84. Kxb6 $18 Qe3+ 85. Kc6 Qf3+ 86. Qd5 Qf6+ 87. Kd7) 84... Qg7 85. Kd8 Qg5 86. Kc7 $2 (86. Qb4+ {mates} Ka2 87. Qe4 b5 88. Kc8 Qc5+ 89. Kb7 Qg1 90. e8=Q Qg7+ 91. Ka8) 86... Qg7 87. Qd7 (87. Qxb6+ $18 Ka1 88. Qe3) 87... Qe5+ 88. Kc8 Qc3+ 89. Kb7 Qf3+ 90. Kb8 (90. Kxb6 $18 Qe3+ 91. Kb7 Qe4+ 92. Ka6) 90... Qf4+ 91. Qc7 Qe4 92. Qxb6+ Ka1 93. Qa5+ Kb2 94. Qb5+ Kc3 95. e8=Q 1-0

[Event "2nd Asian Nations Team Cup U14 2019"]
[Site "Shenzhen"]
[Date "2019.12.23"]
[Round "5.14"]
[White "Zhang, Di"]
[Black "Erkhes, Bayartnar"]
[Result "0-1"]
[ECO "D02"]
[WhiteElo "2013"]
[BlackElo "1937"]
[Annotator "NA RC"]
[PlyCount "100"]
[EventDate "2019.12.19"]
[EventType "team-tourn"]
[EventCountry "CHN"]
[SourceTitle "playchess.com"]
[Source "ChessBase"]
[SourceQuality "1"]
[WhiteTeam "China"]
[BlackTeam "Mongolia"]
[WhiteTeamCountry "CHN"]
[BlackTeamCountry "MGL"]
[TimeControl "5400+30"]

1. Nf3 d5 2. g3 c6 3. Bg2 Nf6 ({Predecessor:} 3... Bg4 4. O-O Nd7 5. h3 Bh5 6. d4 e6 7. c4 {1-0 (47) Banusz,T (2640)-Quesada Perez,Y (2627) chess.com INT 2018}) 4. O-O Bg4 5. d4 Nbd7 6. h3 {[%emt 0:00:06] D02: 1 d4 d5 2 Nf3 sidelines, including 2...Nf6 3 g3 and 2...Nf6 3 Bf4} Bh5 7. c4 e6 8. cxd5 exd5 9. Qb3 $146 (9. Ne5 Ne4 10. Nd2 Nxd2 11. Bxd2 Nxe5 12. dxe5 Bc5 13. Kh2 O-O {½-½ (31) Svidler,P (2768)-Karjakin,S (2753) Wijk aan Zee 2018}) 9... Qb6 10. Qe3+ Be7 11. Nh4 Bg6 12. Nxg6 hxg6 13. Nc3 Qd8 14. b4 a6 15. Na4 O-O 16. Nc5 Re8 17. Qd3 b6 18. Nxd7 $1 Qxd7 19. Bd2 Ne4 20. Rab1 Nd6 21. Bf4 Nc4 22. e4 b5 23. h4 a5 24. a3 axb4 25. axb4 Ra4 26. e5 (26. exd5 $11 cxd5 27. Rfe1) 26... Rxb4 27. Rbe1 {[%emt 0:00:56] [#]} (27. Rxb4 $15 Bxb4 28. Ra1) 27... Qf5 $1 28. Qf3 g5 (28... Ra8 $19 29. Bc1 Ra2) 29. hxg5 $1 Ra4 30. Qh5 Bb4 31. Re2 g6 32. Qh4 (32. Qh1 $11) 32... Qd3 33. Qg4 Re6 $1 ({Much weaker is} 33... Qxd4 $6 34. Qd7 $14) 34. Bf3 $1 Qxd4 35. Kg2 $1 Bf8 36. Rh1 $2 (36. Qh3 $15) 36... Ra1 37. Ree1 (37. Qh4 $142 Rxh1 38. Qxh1) 37... Rxe1 38. Rxe1 Bg7 39. Rd1 (39. Qh3 {was necessary.} Qc3 40. Re2 Bxe5 41. Bg4) 39... Qb2 ({Weaker is} 39... Nxe5 40. Qxe6 fxe6 41. Rxd4 $11) 40. Qh3 Nxe5 41. Bc1 $2 (41. Rd2 Qc3 42. Bd1) 41... Qb4 42. Be2 Qe4+ 43. Kf1 d4 44. f3 $2 (44. Qh4 Qxh4 45. gxh4) 44... Qd5 45. Rd2 d3 46. Bd1 Nxf3 47. Qg4 Re1+ 48. Kg2 Rg1+ 49. Kh3 Nxg5+ 50. Kh4 Rh1+ 0-1

[Event "2nd Asian Nations Team Cup U14 2019"]
[Site "Shenzhen"]
[Date "2019.12.23"]
[Round "5.15"]
[White "Temuujin, Kherlen"]
[Black "Xiao, Tong"]
[Result "1-0"]
[ECO "E04"]
[WhiteElo "1711"]
[BlackElo "1925"]
[Annotator "NA RC"]
[PlyCount "79"]
[EventDate "2019.12.19"]
[EventType "team-tourn"]
[EventCountry "CHN"]
[SourceTitle "playchess.com"]
[Source "ChessBase"]
[SourceQuality "1"]
[WhiteTeam "Mongolia"]
[BlackTeam "China"]
[WhiteTeamCountry "MGL"]
[BlackTeamCountry "CHN"]
[TimeControl "5400+30"]

1. c4 Nf6 2. Nf3 e6 3. g3 d5 4. d4 dxc4 5. Bg2 Nc6 6. Qa4 Bb4+ 7. Bd2 Nd5 8. Bxb4 Ndxb4 9. Ne5 Bd7 {[%emt 0:02:04] E04: Open Catalan: 5 Nf3} (9... O-O 10. Nxc6 Nxc6 11. e3 e5 12. d5 Ne7 13. Qxc4 c6 14. dxc6 Nxc6 15. Nc3 Be6 16. Qb5 Qb6 17. Qxb6 axb6 {½-½ (31) Wojtaszek,R (2744)-Mamedyarov,S (2814) Shamkir 2018}) 10. Nxd7 Qxd7 ({But not} 10... Kxd7 11. Nc3 $16) 11. a3 Nd5 (11... b5 $5 12. Qd1 Nd5 $15) 12. Qxc4 Nb6 13. Bxc6 $146 ({Predecessor:} 13. Qc3 O-O-O 14. e3 e5 15. Bxc6 bxc6 16. O-O exd4 17. exd4 {1-0 (37) Bindrich,F (2588)-Neiksans,A (2574) Berlin 2018}) 13... bxc6 14. Qd3 Rd8 15. Qc2 Qxd4 16. Qxc6+ Rd7 17. O-O Qxb2 (17... a5 $11) 18. Nc3 O-O $2 {[%emt 0:02:00] [#]} (18... Qc2 $16) 19. Ra2 $1 Qb3 20. Rb1 Qxb1+ 21. Nxb1 Rd1+ 22. Kg2 Rxb1 23. Qxc7 a5 24. Rd2 a4 25. e4 g6 26. Rd6 Nc8 27. Ra6 Rd1 28. Rxa4 Nd6 29. Qc2 Re1 30. Rb4 Ra1 31. a4 Ra3 32. Rd4 Nc8 33. Qb2 e5 34. Rb4 Rd3 35. Qxe5 Rd2 36. Rb8 Nd6 37. Rxf8+ Kxf8 38. a5 Kg8 39. a6 Nc4 40. Qc3 1-0

[Event "2nd Asian Nations Team Cup U14 2019"]
[Site "Shenzhen"]
[Date "2019.12.23"]
[Round "5.16"]
[White "Chen, Yuan"]
[Black "Angar, Zoljargal"]
[Result "1/2-1/2"]
[ECO "B92"]
[WhiteElo "2056"]
[BlackElo "1696"]
[Annotator "NA RC"]
[PlyCount "115"]
[EventDate "2019.12.19"]
[EventType "team-tourn"]
[EventCountry "CHN"]
[SourceTitle "playchess.com"]
[Source "ChessBase"]
[SourceQuality "1"]
[WhiteTeam "China"]
[BlackTeam "Mongolia"]
[WhiteTeamCountry "CHN"]
[BlackTeamCountry "MGL"]
[TimeControl "5400+30"]

1. e4 c5 2. Nf3 d6 3. d4 cxd4 4. Nxd4 Nf6 5. Nc3 a6 6. Be2 e5 7. Nb3 Be7 8. O-O O-O 9. Bg5 Nbd7 10. a4 Qc7 {[%emt 0:07:25] B92: Sicilian Najdorf: 6 Be2} (10... b6 11. Nd2 Bb7 12. Bc4 h6 13. Bh4 Qc7 14. Qe2 Rfc8 15. Rfd1 Nf8 16. Bxf6 Bxf6 17. Nd5 Qd8 18. Nf1 Ng6 {1-0 (50) Yu,Y (2750)-Atabayev,S (2437) Ashkhabad 2017}) 11. Bg4 Nb6 $146 ({Predecessor:} 11... h6 $5 12. Bxd7 (12. Bxf6 Nxf6 13. Bxc8 Raxc8 14. Qd3 Qc4 15. Rfd1 Rfd8 16. a5 Rc7 17. f3 h5 18. Ra4 {1-0 (39) Rios,C (2452)-Mateus,A (2293) Bagre 2018}) 12... hxg5 13. Bxc8 Raxc8 $11) 12. Bxc8 (12. Bxf6 $5 Bxf6 13. a5 $14) 12... Raxc8 13. Nd2 Nfd5 14. Nxd5 Nxd5 15. Bxe7 Nxe7 16. c4 f5 17. b3 Nc6 18. exf5 Rxf5 19. Nf3 Rcf8 20. Qd5+ Kh8 21. Rad1 R8f6 22. Rfe1 h6 23. Re3 Qb6 24. Qd3 Rf4 25. Rd2 Ne7 26. Qc3 Nf5 27. c5 Qxc5 28. Qxc5 dxc5 29. Rxe5 Rb4 30. Rxc5 Rxb3 31. h3 Nd6 32. Rcd5 Nc4 33. Rd8+ Kh7 34. Re2 Nd6 35. Rd7 b5 36. axb5 axb5 37. Nd4 Rb1+ 38. Kh2 Nf5 (38... Nf7 $14) 39. Nxf5 Rxf5 40. Ree7 Rg5 {[%emt 0:00:06] [#]} 41. Rb7 (41. h4 $1 $16 Rg4 42. f3) 41... Rb2 42. Rf7 Kg8 43. h4 Rg6 $1 44. Rf5 Rf6 45. Rbxb5 Rxb5 46. Rxb5 Rxf2 47. Rb7 Rf7 48. Rb5 Ra7 49. Kh3 Ra4 50. Rb7 h5 51. g3 Kh7 52. Kg2 Ra3 53. Rb5 Kh6 54. Rb6+ g6 55. Rb7 Rc3 56. Kf2 Rc6 57. Rb5 Rc3 58. Ra5 $11 1/2-1/2

[Event "2nd Asian Nations Team Cup U14 2019"]
[Site "Shenzhen"]
[Date "2019.12.23"]
[Round "5.20"]
[White "Wu, Yixing"]
[Black "Ebrahimi Herab, Hamidreza"]
[Result "0-1"]
[ECO "D77"]
[WhiteElo "1767"]
[BlackElo "2053"]
[Annotator "NA RC"]
[PlyCount "64"]
[EventDate "2019.12.19"]
[EventType "team-tourn"]
[EventCountry "CHN"]
[SourceTitle "playchess.com"]
[Source "ChessBase"]
[SourceQuality "1"]
[WhiteTeam "China"]
[BlackTeam "Iran"]
[WhiteTeamCountry "CHN"]
[BlackTeamCountry "IRI"]
[TimeControl "5400+30"]

1. Nf3 Nf6 2. g3 g6 3. Bg2 Bg7 4. O-O O-O 5. d4 d5 6. c4 dxc4 7. Na3 c3 8. bxc3 c5 9. e3 Nc6 10. Nc4 {[%emt 0:00:34] D77: Fianchetto Grünfeld: 6 0-0: Replies other than 6...c6} (10. Qe2 Bf5 11. Rd1 Qb6 12. Nc4 Qa6 13. Bf1 Rfd8 14. a4 Rac8 15. Bb2 b6 16. h3 h5 17. d5 Na5 18. Nxa5 Qxe2 19. Bxe2 bxa5 {½-½ (41) Melkumyan,H (2633)-Salem,A (2638) Riadh 2017}) 10... Bf5 11. Nfe5 Be4 $146 ({Predecessor:} 11... Nd5 12. Nxc6 bxc6 13. Qd2 Be6 14. Ba3 Nb4 15. Nb2 Na6 16. Nd3 Bc4 17. Rfd1 Bxd3 18. Qxd3 {1-0 (64) Szabo,A (2306)-Burnoiu,N (2403) Baia Sprie 2010}) 12. Nxc6 ({But not} 12. dxc5 Nxe5 13. Qxd8 Rfxd8 $15) 12... bxc6 13. Bxe4 Nxe4 14. Qd3 Qd5 15. f3 Nxc3 16. Qxc3 cxd4 17. e4 $2 (17. Qb3 $1 $11 {and White has nothing to worry.}) 17... dxc3 18. exd5 cxd5 19. Na3 d4 20. Rd1 Rad8 21. Rd3 {[%emt 0:02:36] [#]} e5 $1 22. Nb5 f5 23. Ba3 e4 24. Bxf8 (24. fxe4 $142 fxe4 25. Rxd4 Rxd4 26. Bxf8) 24... exd3 25. Bxg7 Kxg7 26. Kf2 d2 27. Na3 d3 28. Nc4 Re8 29. Kf1 (29. Nxd2 Re2+ {[%mdl 64] Double Attack} 30. Kg1 Rxd2) 29... Re2 30. Na3 c2 31. Nxc2 dxc2 32. Kxe2 c1=Q 0-1

[Event "2nd Asian Nations Team Cup U14 2019"]
[Site "Shenzhen"]
[Date "2019.12.23"]
[Round "6.1"]
[White "Yin, Richard"]
[Black "Xue, Haowen"]
[Result "0-1"]
[ECO "B92"]
[WhiteElo "1427"]
[BlackElo "1909"]
[Annotator "NA RC"]
[PlyCount "116"]
[EventDate "2019.12.19"]
[EventType "team-tourn"]
[EventCountry "CHN"]
[SourceTitle "playchess.com"]
[Source "ChessBase"]
[SourceQuality "1"]
[WhiteTeam "Hong Kong"]
[BlackTeam "China"]
[WhiteTeamCountry "HKG"]
[BlackTeamCountry "CHN"]
[TimeControl "5400+30"]

1. e4 c5 2. Nf3 d6 3. d4 Nf6 4. Nc3 cxd4 5. Nxd4 a6 6. Be2 e5 7. Nb3 Be7 8. O-O O-O 9. Be3 Be6 10. f4 exf4 11. Bxf4 Nc6 12. Kh1 Rc8 13. Nd4 {[%emt 0:10:43] B92: Sicilian Najdorf: 6 Be2} (13. Qd2 Re8 14. Rad1 Ne5 15. Nd4 Qb6 16. Na4 Qc7 17. Nc3 Qb6 18. Na4 Qa7 19. Nc3 b5 20. a3 Nc4 21. Bxc4 Bxc4 {0-1 (46) Massoni,M (2360)-Areshchenko,A (2656) Grosseto Prugna 2015}) 13... Nxd4 14. Qxd4 Qc7 15. Qe3 $146 ({Predecessor:} 15. Rad1 Rfd8 16. Rd2 Qc5 17. Rfd1 Qxd4 18. Rxd4 Ne8 19. e5 d5 20. Bf3 Nc7 {½-½ (60) Chattarjee,L (2046)-Suvrajit,S (2234) Bampada 2017}) 15... Nd7 16. Rad1 Ne5 17. Qg3 Bf6 18. Bh6 Qe7 19. Bf4 Rfd8 20. Rd2 Bh4 21. Qe3 Ng6 22. g3 Bf6 23. Nd5 Bxd5 24. exd5 Qxe3 25. Bxe3 Bxb2 26. c4 Ba3 27. Rb1 Re8 28. Rd3 Bc5 29. Bg4 Ne5 30. Bxc8 Nxd3 31. Bxc5 Nxc5 32. Bxb7 Rb8 33. Rb6 Nxb7 34. a4 a5 35. Kg2 Kf8 36. Kf3 Ke7 37. Ke3 Kd7 38. Kf4 f6 39. Kf5 Ke7 40. h3 g6+ 41. Kf4 h6 42. Kf3 f5 43. Kf2 g5 44. Kg2 h5 45. Kf2 f4 46. Kf3 fxg3 47. Kxg3 g4 48. hxg4 hxg4 49. Kxg4 Rg8+ 50. Kf5 Nc5 51. Rb1 Rf8+ 52. Kg6 Rf4 53. Rc1 Nxa4 54. Kg5 Re4 55. Kf5 Nc5 56. Ra1 Re5+ 57. Kf4 a4 58. Rh1 Re4+ $19 0-1